Map: Catalyst LE

Players

Lambo

  • Race: Zerg Zerg
  • League: Master
  • Spawn Location: 5:00

lIIllllIIlll (INnoVation) - Winner!

  • Race: Terran Terran
  • League: Master
  • Spawn Location: 11:00

Event: HomeStory Cup XVII

VOD

Have the link to the VOD?

Description

Time

  • Played on: July 1, 2018, 4:01 p.m.
  • Length: 8:05

All games in this series

Show
View Real Time Build Order
Export as new Build Order

Lambo Zerg 

Build Orders: Hatch First 

Get SALT Encoding   

  12  0:00  Drone  
  13  0:13  Overlord  
  13  0:17  Drone  
  14  0:32  Drone x2  
  16  0:48  Hatchery  
  15  0:52  Drone  
  15  0:55  Drone  
  17  0:59  Drone  
  18  1:09  Extractor  
  17  1:14  Spawning Pool  
  17  1:17  Drone  
  17  1:21  Drone  
  18  1:29  Drone  
  19  1:39  Drone  
  20  1:51  Drone  
  21  2:01  Queen x2  
  23  2:03  Overlord  
  23  2:04  Zergling x2  
  26  2:12  Zergling x2  
  26  2:13  Drone  
  27  2:32  Drone x2  
  27  2:33  Drone  
  27  2:34  Overlord  
  30  2:42  Queen  
  32  2:45  Drone x2  
  32  2:47  Metabolic Boost  
  34  2:57  Hatchery  
  33  2:58  Drone  
  33  3:04  Drone  
  35  3:08  Spore Crawler  
  35  3:09  Drone x2  
  37  3:15  Drone x2  
  37  3:17  Drone x2  
  41  3:22  Queen  
  41  3:24  Overlord  
  44  3:41  Zergling x2  
  44  3:42  Queen  
  44  3:45  Zergling x2  
  44  3:46  Zergling x6  
  44  3:47  Drone x2  
  52  3:50  Overlord  
  52  4:07  Overlord  
  52  4:08  Queen, Drone x6  
  60  4:10  Drone  
  60  4:12  Queen  
  60  4:16  Drone  
  63  4:23  Baneling Nest, Zergling x2, Extractor  
  62  4:25  Extractor  
  62  4:27  Drone x3  
  62  4:28  Drone  
  62  4:29  Drone  
  62  4:30  Overlord  
  66  4:34  Overlord  
  66  4:45  Spore Crawler  
  66  4:47  Spore Crawler  
  66  4:48  Drone  
  66  4:51  Drone x2  
  66  4:52  Drone x3  
  70  4:53  Lair  
  70  4:54  Drone  
  71  5:00  Drone x2  
  71  5:03  Overlord x2  
  71  5:06  Evolution Chamber  
  72  5:09  Drone, Evolution Chamber  
  72  5:12  Drone x2  
  73  5:16  Overlord  
  73  5:24  Drone x6  
  73  5:26  Zergling x4  
  73  5:27  Baneling x2, Extractor  
  80  5:34  Zergling x6  
  80  5:35  Zerg Ground Armor Level 1  
  83  5:40  Zerg Melee Weapons Level 1  
  83  5:44  Zergling x10  
  83  5:47  Queen  
  90  5:55  Drone x3  
  93  5:59  Overlord  
  93  6:01  Zergling x12, Extractor  
  97  6:04  Baneling  
  97  6:05  Baneling x4  
  97  6:07  Overlord  
  97  6:10  Centrifical Hooks  
  97  6:11  Baneling  
  97  6:12  Baneling  
  97  6:15  Overlord  
  97  6:18  Overlord  
  97  6:20  Overlord  
  97  6:21  Zergling x4  
  96  6:26  Zergling x4  
  96  6:27  Baneling x4  
  96  6:29  Zergling x6  
  99  6:34  Queen  
  99  6:35  Queen  
  99  6:37  Zergling x2  
  99  6:38  Zergling x2  
  99  6:39  Overlord  
  105  6:44  Zergling x2  
  105  6:45  Zergling x6  
  101  6:48  Zergling x4  
  101  6:50  Baneling x3  
  101  6:52  Zergling x4  
  101  6:57  Zergling x4  
  101  6:59  Baneling x8  
  101  7:00  Zergling x2  
  104  7:06  Zergling x6  
  102  7:11  Zergling x12  
  102  7:14  Queen  
  102  7:15  Queen  
  108  7:22  Zergling x4  
  105  7:25  Zergling x2  
  101  7:33  Zergling x4  
  101  7:37  Zergling x2  
  87  7:39  Baneling x6  
  87  7:42  Zergling x6  
  87  7:43  Zergling x4  
  87  7:44  Baneling x4  
  87  7:46  Zergling x4  
Show
View Real Time Build Order
Export as new Build Order

lIIllllIIlll Terran - Winner!

Build Orders: Reaper Expand, MMM Bio 

Get SALT Encoding   

  12  0:00  SCV  
  13  0:13  SCV  
  14  0:17  Supply Depot  
  14  0:25  SCV  
  15  0:38  SCV  
  15  0:39  Barracks  
  16  0:43  Refinery  
  16  0:50  SCV  
  17  1:02  SCV  
  18  1:15  SCV  
  19  1:26  Reaper  
  19  1:27  Orbital Command  
  20  1:40  Command Center  
  20  1:51  Supply Depot  
  20  1:52  SCV  
  21  1:58  Marine  
  22  2:04  SCV  
  23  2:08  Factory  
  23  2:13  Refinery  
  23  2:16  SCV  
  23  2:20  Barracks Reactor  
  24  2:28  SCV  
  25  2:41  SCV  
  26  2:52  Orbital Command  
  26  2:53  SCV  
  26  2:54  Starport  
  27  3:00  Hellion x2  
  27  3:05  Barracks Tech Lab, SCV  
  32  3:19  SCV  
  33  3:20  SCV  
  33  3:21  Hellion  
  33  3:23  Stimpack  
  36  3:30  Viking  
  36  3:31  Supply Depot  
  36  3:33  SCV x2  
  40  3:45  SCV x2, Barracks  
  42  3:48  Factory Tech Lab  
  42  3:51  Barracks  
  42  3:57  SCV x2  
  42  4:00  Supply Depot  
  44  4:05  Engineering Bay, Starport Reactor  
  44  4:09  Siege Tank  
  47  4:12  SCV x2  
  47  4:16  Refinery  
  49  4:18  Marine  
  50  4:25  SCV x2  
  50  4:27  Supply Depot  
  52  4:33  Terran Infantry Weapons Level 1  
  52  4:37  Marine x3, SCV x2  
  57  4:43  Supply Depot  
  57  4:46  Starport Reactor  
  57  4:48  Marine x2  
  57  4:49  Siege Tank  
  57  4:50  SCV  
  57  4:51  SCV  
  64  4:57  Supply Depot  
  64  5:00  Marine  
  64  5:01  Marine x2  
  64  5:04  SCV x2  
  64  5:06  Marine x2  
  69  5:14  Supply Depot  
  69  5:18  Marine x3  
  71  5:24  Combat Shields, Medivac, Marine x2  
  71  5:26  Medivac  
  77  5:28  SCV  
  77  5:29  SCV  
  77  5:31  Supply Depot  
  79  5:36  Refinery  
  79  5:38  Marine x3  
  79  5:41  Supply Depot, Marine  
  79  5:42  Marine  
  84  5:44  Siege Tank  
  84  5:49  SCV  
  89  5:50  SCV  
  89  5:54  Supply Depot  
  89  5:57  Marine x3  
  89  5:59  Marine x2  
  94  6:05  Supply Depot  
  94  6:06  Medivac x2  
  98  6:14  Marine  
  98  6:15  Marine x2  
  98  6:17  Marine x2  
  103  6:19  Siege Tank  
  106  6:27  SCV x2  
  106  6:28  Supply Depot  
  106  6:34  Marine x3  
  106  6:35  Marine x2  
  111  6:42  Medivac  
  111  6:45  Medivac  
  110  6:52  Marine x2  
  110  6:53  Marine x3  
  113  6:57  Siege Tank  
  116  7:03  SCV x2  
  116  7:06  Supply Depot  
  118  7:10  Marine x3  
  118  7:11  Marine x2  
  122  7:16  Medivac x2  
  125  7:28  Marine x5  
  114  7:40  SCV  
  114  7:41  SCV  
  119  7:46  Marine x5  
Tags
 
Add a new tag
Caveats
  • Supply blocks, unpowered buildings, or Contaminate may cause inaccurate times.
  • Supply counts are checked every 10 seconds.